Workbook
Name _OVC30: #REF!
Name _OVC30: #REF!
Name _OVC50: #REF!
Name _OVC50: #REF!
Name _Toc140149825_1: [1]JURIDICA!#REF!
Name _Toc140149825_1: [1]JURIDICA!#REF!
Name _Toc140149825_59: #REF!
Name _Toc140149825_59: #REF!
Name _Toc142149825_60: #REF!
Name _Toc142149825_60: #REF!
Name AMOR: [1]JURIDICA!#REF!
Name AMOR: [1]JURIDICA!#REF!
Name CCCC: '[2]CUADRO RESUMEN'!$L$14
Name DDDD: '[2]CUADRO RESUMEN'!$L$18
Name FF: [1]JURIDICA!#REF!
Name FF: [1]JURIDICA!#REF!
Name FFF: '[2]CUADRO RESUMEN'!$L$15
Name FFFFFFF: #REF!
Name FFFFFFF: #REF!
Name FGHJK: '[2]CUADRO RESUMEN'!$L$16
Name GG: [1]JURIDICA!#REF!
Name GG: [1]JURIDICA!#REF!
Name GGGGGG: #REF!
Name GGGGGG: #REF!
Name opcion1: '[2]CUADRO RESUMEN'!$L$13
Name opcion2: '[3]CUADRO RESUMEN'!$L$21
Name opcion3: '[3]CUADRO RESUMEN'!$L$22
Name opcion4: '[3]CUADRO RESUMEN'!$L$23
Name opcion5: '[3]CUADRO RESUMEN'!$L$24
Name opcion6: '[3]CUADRO RESUMEN'!$L$25
Name opcion7: '[2]CUADRO RESUMEN'!$L$24

Sheet 1. PARTICIPANTES
A1: EMPRESA DE RENOVACIÓN URBANA Y DESARROLLO URBANO DE BOGOTA D.C.
A3: PROCESO CONTRATACION | B3: LICITACÓN PUBLICA No. ERU-LP-03-2020
A4: OBJETO | B4: CONTRATAR LOS SEGUROS QUE AMPAREN LOS INTERESES PATRIMONIALES ACTUALES Y FUTUROS, ASÍ COMO LOS BIENES DE PROPIEDAD DE LA EMPRESA DE RENOVACIÓN Y DESARROLLO URBANO DE BOGOTÁ D.C., QUE ESTÉN BAJO SU RESPONSABILIDAD Y CUSTODIA Y AQUELLOS QUE SEAN ADQUIRIDOS PARA DESARROLLAR SUS FUNCIONES, ASÍ COMO UNA PÓLIZA DE VIDA GRUPO PARA LOS TRABAJADORES SINDICALIZADOS DE LA EMPRESA Y CUALQUIER OTRA PÓLIZA DE SEGUROS QUE REQUIERA LA EMPRESA EN EL DESARROLLO DE SU ACTIVIDAD
A5: PRESUPUESTO OFICIAL | B5: MIL NOVENTA MILLONES NOVECIENTOS SEIS MIL NOVECIENTOS DOS PESOS M/CTE ($1.090.906.902) IVA INCLUIDO Y DEMÁS IMPUESTOS, COSTOS DIRECTOS E INDIRECTOS, EL CUAL SE ENCUENTRA RESPALDADO CON EL CERTIFICADO DE DISPONIBILIDAD PRESUPUESTAL No. 202008 1196 DE FECHA 13-08-2020 GRUPO UNO: MIL SESENTA Y CUATRO MILLONES QUINIENTOS NOVENTA Y NUEVE MIL SEISCIENTOS SESENTA Y CINCO PESOS (1,064,599,665) DENTRO DEL PRESUPUESTO PARA EL GRUPO UNO, LA EMPRESA HA DETERMINADO UN VALOR FIJO DE CUATRO MILLONES CIENTO SESENTA Y SIETE MIL OCHOCIENTOS SESENTA PESOS ($4.167.870), COMO MONTO FIJO PARA CUALQUIER OTRA PÓLIZA DE SEGUROS QUE REQUIERA LA EMPRESA EN EL DESARROLLO DE SU ACTIVIDAD. VALOR QUE DEBE SER TENIDO EN CUENTA POR EL PROPONENTE AL MOMENTO DE ELABORAR SU PROPUESTA ECONOMICA. EN CAO DE NO INDICAR ESTE VALOR, LA ENTIDAD LO SUMARÁ AL TOTAL DE LA PROPUESTA, Y EN CASO DE SOBREPASAR EL PRESUPUESTO OFICIAL, SU PROPUESTA SERÁ RECHAZADA. GRUPOS DOS, VEINTIDOS MILLONES CIENTO TREINTA Y NUEVE MIL TRESCIENTOS SESENTA Y SEIS PESOS M/CTE ($22.139.366)
A6: FECHA DE CIERRE | B6: 03 DE SEPTIEMBRE DE 2020 A LAS 4:00 PM
A8: PARTICIPANTES GRUPO UNO
A9: PROPONENTE | C9: VALOR DE LA OFERTA
A10: PROPONENTE 1: LA PREVISORA S.A. COMPAÑÍA DE SEGUROS | B10: OFERTA LAS PÓLIZAS DE TODO RIESGO DAÑOS MATERIALES - RESPONSABILIDAD RESPONSABILIDAD EXTRACONTRACTUAL - MANEJO GLOBAL - TRANSPORTE DE VALORES - INFIDELIDAD Y RIEGOS FINANCIEROS - RESPONSABILIDAD CIVIL SERVIDORES PUBLICOS | C10: 1068644629
A11: PROPONENTE 2: UNÓN TEMPORAL (AXA COLPATRIA SEGUROS S.A Y MAPFRE SEGUROS SEGUROS GENERALES DE COLOMBIA S.A) | B11: OFERTA LAS PÓLIZAS DE TODO RIESGO DAÑOS MATERIALES - RESPONSABILIDAD RESPONSABILIDAD EXTRACONTRACTUAL - MANEJO GLOBAL - TRANSPORTE DE VALORES - INFIDELIDAD Y RIEGOS FINANCIEROS - RESPONSABILIDAD CIVIL SERVIDORES PUBLICOS | C11: 1057402773
A12: PROPONENTE 3: ASEGURADORA SOLIDARIA DE COLOMBIA | B12: OFERTA LAS PÓLIZAS DE TODO RIESGO DAÑOS MATERIALES - RESPONSABILIDAD RESPONSABILIDAD EXTRACONTRACTUAL - MANEJO GLOBAL - TRANSPORTE DE VALORES - INFIDELIDAD Y RIEGOS FINANCIEROS - RESPONSABILIDAD CIVIL SERVIDORES PUBLICOS | C12: 1064511627
A13: OBSERVACIONES
A14: LOS PROPONENTES NO CUMPLEN TÉCNICAMENTE CON LOS REQUISITOS EXIGIDOS EN EL PLIEGO DE CONDICIONES, RAZÓN POR LA CUAL DENTRO DEL TÉRMINO DE TRASLADO DEL INFORME PRELIMINAR DE EVALUACIÓN DEBERÁN SUBSANAR LOS REQUISITOS EXIGIDOS CON EL FIN DE QUEDAR HABILITADOS TECNICAMENTE.
A19: JARGU S.A. CORREDORES DE SEGUROS
A20: Proyecto. Angela Patricia Chavarro Dìaz

Sheet 2. VERIFICACION JURIDICA 
A1: =+'1. PARTICIPANTES'!A1:C1 -> EMPRESA DE RENOVACIÓN URBANA Y DESARROLLO URBANO DE BOGOTA D.C.
A3: =+'1. PARTICIPANTES'!A3 -> PROCESO CONTRATACION | B3: =+'1. PARTICIPANTES'!B3:C3 -> LICITACÓN PUBLICA No. ERU-LP-03-2020
A4: =+'[4]1. PARTICIPANTES'!A4 -> OBJETO | B4: =+'1. PARTICIPANTES'!B4:C4 -> CONTRATAR LOS SEGUROS QUE AMPAREN LOS INTERESES PATRIMONIALES ACTUALES Y FUTUROS, ASÍ COMO LOS BIENES DE PROPIEDAD DE LA EMPRESA DE RENOVACIÓN Y DESARROLLO URBANO DE BOGOTÁ D.C., QUE ESTÉN BAJO SU RESPONSABILIDAD Y CUSTODIA Y AQUELLOS QUE SEAN ADQUIRIDOS PARA DESARROLLAR SUS FUNCIONES, ASÍ COMO UNA PÓLIZA DE VIDA GRUPO PARA LOS TRABAJADORES SINDICALIZADOS DE LA EMPRESA Y CUALQUIER OTRA PÓLIZA DE SEGUROS QUE REQUIERA LA EMPRESA EN EL DESARROLLO DE SU ACTIVIDAD
A5: =+'[4]1. PARTICIPANTES'!A5 -> PRESUPUESTO OFICIAL | B5: MIL NOVENTA MILLONES NOVECIENTOS SEIS MIL NOVECIENTOS DOS PESOS M/CTE ($1.090.906.902) IVA INCLUIDO Y DEMÁS IMPUESTOS, COSTOS DIRECTOS E INDIRECTOS, EL CUAL SE ENCUENTRA RESPALDADO CON EL CERTIFICADO DE DISPONIBILIDAD PRESUPUESTAL No. 202008 1196 DE FECHA 13-08-2020 GRUPO UNO: MIL SESENTA Y CUATRO MILLONES QUINIENTOS NOVENTA Y NUEVE MIL SEISCIENTOS SESENTA Y CINCO PESOS (1,064,599,665) DENTRO DEL PRESUPUESTO PARA EL GRUPO UNO, LA EMPRESA HA DETERMINADO UN VALOR FIJO DE CUATRO MILLONES CIENTO SESENTA Y SIETE MIL OCHOCIENTOS SESENTA PESOS ($4.167.870), COMO MONTO FIJO PARA CUALQUIER OTRA PÓLIZA DE SEGUROS QUE REQUIERA LA EMPRESA EN EL DESARROLLO DE SU ACTIVIDAD. VALOR QUE DEBE SER TENIDO EN CUENTA POR EL PROPONENTE AL MOMENTO DE ELABORAR SU PROPUESTA ECONOMICA. EN CAO DE NO INDICAR ESTE VALOR, LA ENTIDAD LO SUMARÁ AL TOTAL DE LA PROPUESTA, Y EN CASO DE SOBREPASAR EL PRESUPUESTO OFICIAL, SU PROPUESTA SERÁ RECHAZADA. GRUPOS DOS, VEINTIDOS MILLONES CIENTO TREINTA Y NUEVE MIL TRESCIENTOS SESENTA Y SEIS PESOS M/CTE ($22.139.366)
A6: =+'[4]1. PARTICIPANTES'!A6 -> FECHA DE CIERRE | B6: =+'1. PARTICIPANTES'!B6:C6 -> 03 DE SEPTIEMBRE DE 2020 A LAS 4:00 PM
A8: REQUISITOS HABILITANTES JURÍDICOS
A9: DOCUMENTOS | B9: PROPONENTE No 1 | F9: PROPONENTE No 2 | J9: PROPONENTE No 3
B10: LA PREVISORA S.A. COMPAÑÍA DE SEGUROS | F10: UNÓN TEMPORAL (AXA COLPATRIA SEGUROS S.A Y MAPFRE SEGUROS SEGUROS GENERALES DE COLOMBIA S.A) | J10: ASEGURADORA SOLIDARIA
B11: CUMPLE | D11: OBSERVACIONES | F11: CUMPLE | H11: OBSERVACIONES | J11: CUMPLE | L11: OBSERVACIONES
B12: SI | C12: NO | F12: SI | G12: NO | J12: SI | K12: NO
A13: a) Carta de presentación de la propuesta (Formato No. 1) Este documento debe venir firmado por el representante legal de la sociedad, si se trata de una persona jurídica o por el representante del consorcio o unión temporal, si la propuesta se presenta bajo esta modalidad asociativa. El proponente deberá presentar este documento de acuerdo con el modelo suministrado por la Entidad. Quien suscriba la carta de presentación de la propuesta deberá: • Tener la calidad de representante legal o apoderado del proponente, con facultad expresa de actuar en nombre y representación del mismo. En este último caso, la facultad de representación debe comprender las de presentar la propuesta, celebrar el contrato (en caso de resultar adjudicatario) y liquidarlo. Si la presentación de la propuesta implica la transgresión del deber establecido en el numeral 7° del artículo 23 de la ley 222 de 1995, el proponente individual o el integrante de la propuesta conjunta deberá, además, allegar autorización de la junta de socios o asamblea general de accionistas, según corresponda. • En caso de ser consorcio o unión temporal: Tener la calidad de representante del consorcio o unión temporal, con facultad expresa de actuar en nombre y representación del mismo. Tal facultad de representación debe comprender la de presentar la propuesta, celebrar el contrato (en caso de resultar adjudicatarios) y liquidarlo. | B13: X | D13: FIRMADA POR: RAFAEL ARMANDO RODRIGUEZ MÉNDEZ CC. 80.421.019 DE BOGOTA´D.C. REPRESENTANTE LEGAL | F13: X | H13: FIRMADA POR:MIGUEL EDUARDO VILLAMIZAR AGUIRRE CC. 80.201.229 DE BOGOTÁ REPRESENTANTE LEGAL DE LA UNIÓN TEMPORAL | J13: X | L13: FIRMADA POR:RAMIRO ALBERTO RUIZ CLAVIJO CC. 13,360,922 DE OCAÑA REPRESENTANTE LEGAL
A14: b) Acreditación de la existencia y la representación legal Los proponentes deberán acreditar su existencia legal mediante los siguientes documentos: • Certificado de existencia y representación legal expedido por la Superintendencia Financiera de Colombia: Con fecha de expedición no mayor a treinta (30) días calendario, anteriores a la fecha de cierre del presente proceso. • Certificado expedido por la Cámara de Comercio de la ciudad donde opere la oficina principal y de la sucursal o agencia que atenderá el programa de seguros de la Entidad, con fecha de expedición no mayor a treinta (30) días calendario anteriores a la fecha de cierre del presente proceso, en el que conste que su objeto social corresponde al objeto del presente proceso. En el evento en que en ninguno de los certificados mencionados se indiquen las facultades del representante legal o la duración de la sociedad, el proponente deberá presentar el extracto de los estatutos sociales en donde se indiquen las mismas, con el fin de verificar, directamente por parte de la Entidad, estos aspectos. En caso de presentarse la oferta en Consorcio o Unión Temporal, estos documentos deben ser presentados en forma individual por cada uno de los integrantes. | B14: X | D14: CERTIFICADO DE EXISTENCIA Y REPRESENTACIÓN LEGAL FECHA. 01 DE SEPTIEMBRE DE 2020 MATRICULA MERCANTIL No.00388030 DEL 12 DE OCTUBRE DE 1989 CERTIFICADO SUPERFINANCIERA DE COLOMBIA FECHA. 01 DE SEPTIEMBRE DE 2020 | F14: X | H14: AXA COLPATRIA SEGUROS S.A. CERTIFICADO DE EXISTENCIA Y REPRESENTACIÓN LEGAL FECHA. 13 DE AGOSTO DE 2020 MATRICULA MERCANTIL No.00327122 DEL 29 DE ABRIL DE 1988 CERTIFICADO SUPERFINANCIERA DE COLOMBIA FECHA. 21 DE AGOSTO DE 2020 MAPFRE SEGUROS GENERALES DE COLOMBIA S.A. CERTIFICADO DE EXISTENCIA Y REPRESENTACIÓN LEGAL FECHA. 27 DE AGOSTO DE 2020 MATRICULA MERCANTIL No. 00018388 DEL 28 DE ABRIL DE 1972 CERTIFICADO SUPERFINANCIERA DE COLOMBIA FECHA. 27 DE AGOSTO DE 2020 | J14: X | L14: CERTIFICADO DE EXISTENCIA Y REPRESENTACIÓN LEGAL FECHA. 06 DE AGOSTO DE 2020 MATRICULA MERCANTIL No. 00734662 DEL 19 DE SEPTIEMBRE DE 1996 CERTIFICADO SUPERFINANCIERA DE COLOMBIA FECHA. 27 DE AGOSTO DE 2020
A15: c) Certificación expedida por el revisor fiscal o por el representante legal sobre pago de aportes de sus empleados El proponente deberá adjuntar una certificación expedida por el revisor fiscal – si la persona jurídica está obligada a tener revisor fiscal- o por el Representante Legal y Contador, según el caso, en donde acredite que se encuentra al día con el pago de los aportes de sus empleados a los sistemas de salud, ARL, pensiones y aportes a las Cajas de Compensación Familiar, Instituto Colombiano de Bienestar Familiar y Servicio Nacional de Aprendizaje, cuando a ello haya lugar, dentro de los seis (06) meses anteriores al cierre del proceso de selección. El revisor fiscal debe figurar inscrito en el certificado de la Cámara de Comercio. En caso de consorcio o unión temporal esta certificación debe ser, además, presentada por cada una de las empresas que lo conforman. | B15: X | D15: CERTIFICACIÓN. DELOITTE CERTIFICA PAGO. 01 DE FEBRERO DE 2020 AL 31 DE AGOSTO DE 2020 SUSCRITA POR. FERNEY GARZÓN ARDILA TARJETA PROFESIONAL. 202219-T REVISOR FISCAL | F15: X | H15: AXA COLPATRIA SEGUROS S.A. CERTIFICACIÓN. PWC CERTIFICA PAGO. 01 DE FEBRERO DE 2020 AL 31 DE JULIO DE 2020 SUSCRITA POR. YANETH ROCIO VANEGAS CONTRERAS TARJETA PROFESIONAL. 126631-T REVISOR FISCAL MAPFRE SEGUROS GENERALES DE COLOMBIA S.A. CERTIFICACIÓN. KPMG CERTIFICA PAGO. 01 DE FEBRERO DE 2020 AL 31 DE JULIO DE 2020 SUSCRITA POR. IBETH ANGELICA QUINTERO CARDENAS TARJETA PROFESIONAL. 184242-T REVISOR FISCAL | J15: X | L15: CERTIFICACIÓN. ERNEST & YOUNG AUDIT S.A.S. CERTIFICA PAGO. 01 DE FEBRERO DE 2020 AL 31 DE JULIO DE 2020 SUSCRITA POR. GIOVANNA PAOLA GONZALEZ SANCHEZ TARJETA PROFESIONAL. 74230-T REVISOR FISCAL
A16: d) Documento de conformación del Consorcio o Unión Temporal (Formato No. 3) Si la oferta es presentada por un Consorcio o una Unión Temporal, se deberá aportar el documento de constitución suscrito por sus integrantes, el cual deberá expresar claramente su conformación, las reglas básicas que regulan las relaciones entre ellos y su responsabilidad, de tal manera que se demuestre el estricto cumplimiento a lo establecido en el artículo 7º de la ley 80 de 1993, según formato del pliego, donde se debe: a. Indicar en forma expresa si su participación es a título de consorcio o unión temporal. b. Identificar a cada uno de sus integrantes: Nombre o razón social, tipo y número del documento de identidad y domicilio. (...) | C16: N/A | D16: N/A | F16: X | H16: SE PRESENTA DOCUMENTO DE CONFORMACIÓN DE LA UNÓN TEMPORAL (AXA COLPATRIA SEGUROS S.A Y MAPFRE SEGUROS SEGUROS GENERALES DE COLOMBIA S.A), DOCUMENTO SUSCRITO POR MIGUEL EDUARDO VILLAMIZAR AGUIRRE - REPRESENTANTE LEGAL / APODERADO DE AXA COLPATRIA SEGUROS S.A. Y JOSE MAURICIO MALAGON ACOSTA - REPRESENTANTE LEGAL DE MAPFRE SEGUROS GENERALES DE COLOMBIA S.A. | K16: N/A | L16: N/A
A17: e) Compromiso de Transparencia (Formato No. 2) El proponente deberá aportar con su propuesta, el Formato No. 2 (Compromiso de Transparencia), debidamente diligenciado. En caso de consorcio o unión temporal esta declaración deberá ser, además, suscrita por cada uno de los integrantes que lo conforman. | B17: X | D17: PRESENTA DOCUMENTO SUSCRITO POR: RAFAEL ARMANDO RODRIGUEZ MÉNDEZ CC. 80.421.019 DE BOGOTA D.C. REPRESENTANTE LEGAL | F17: X | H17: AXA COLPATRIA SEGUROS S.A. PRESENTA DOCUMENTO SUSCRITO POR: MIGUEL EDUARDO VILLAMIZAR AGUIRRE CC. 80.201.229 DE BOGOTÁ REPRESENTANTE LEGAL / APODERADO MAPFRE SEGUROS GENERALES DE COLOMBIA S.A. PRESENTA DOCUMENTO SUSCRITO POR: JOSE MAURICIO MALAGON ACOSTA CC. 79.560.043DE BOGOTÁ REPRESENTANTE LEGAL UNÓN TEMPORAL (AXA COLPATRIA SEGUROS S.A Y MAPFRE SEGUROS SEGUROS GENERALES DE COLOMBIA S.A) PRESENTA DOCUMENTO SUSCRITO POR CADA UNO DE SUS INTEGRANTES Y REPRESENTANTE LEGAL DE LA UNIÓN TEMPORAL | J17: X | L17: PRESENTA DOCUMENTO SUSCRITO POR: :RAMIRO ALBERTO RUIZ CLAVIJO CC. 13,360,922 DE OCAÑA REPRESENTANTE LEGAL
A18: f) Antecedentes Disciplinarios Fiscales, Judiciales y RNMC • Verificación de no inclusión en el Boletín de Responsables Fiscales • Verificación del Sistema de Información de Registro de Sanciones y Causas de Inhabilidad (SIRI) de la Procuraduría General de la Nación • Verificación de antecedentes judiciales del Ministerio de Defensa Nacional – Policía Nacional • Verificación de Sistema de Registro Nacional de Medidas Correctivas RNMC de la Policía Nacional • Verificación del Sistema Antecendentes Disciplinarios de la Personería de Bogot.a D.C. | B18: X | D18: SE VERIFICAN LOS CERTIFICADOS DE ANTECEDENTES DISCIPLINARIOS, FISCALES, JUDICIALES Y RNMC DEL REPRESENTANTE LEGAL Y DE LA PERSONA JURIDICA NO REGISTRAN ANTECEDENTES | F18: X | H18: SE VERIFICAN LOS CERTIFICADOS DE ANTECEDENTES DISCIPLINARIOS, FISCALES, JUDICIALES Y RNMC DEL REPRESENTANTE LEGAL Y DE LA PERSONA JURIDICA NO REGISTRAN ANTECEDENTES | J18: X | L18: SE VERIFICAN LOS CERTIFICADOS DE ANTECEDENTES DISCIPLINARIOS, FISCALES, JUDICIALES Y RNMC DEL REPRESENTANTE LEGAL Y DE LA PERSONA JURIDICA NO REGISTRAN ANTECEDENTES
A19: g) Garantía de Seriedad de la Oferta Atendiendo a lo establecido en el artículo 2.2.1.2.3.1.1 del Decreto 1082 de 2015, y ante la posibilidad de que una vez el proponente adjudicatario se niegue a la constitución de las pólizas objeto del presente proceso de selección, el proponente para participar en el presente proceso deberá constituir una garantía de seriedad de la propuesta previamente a la presentación de la oferta, con el fin de afianzar la presentación de la oferta hasta la aprobación de la garantía de cumplimiento del contrato. El proponente podrá otorgar, como mecanismo de cobertura del riesgo, una póliza de seguro, un patrimonio autónomo, o una garantía bancaria. - Valor de la garantía de seriedad de la oferta: Diez por ciento (10%) del presupuesto del proceso. - Vigencia: Noventa (90) días calendario, contados a partir de la fecha de cierre del proceso. - Constituirse a favor de: EMPRESA DE RENOVACIÓN Y DESARROLLO URBANO DE BOGOTÁ D.C., con NIT 830,144,890 - Citarse claramente que se está garantizando la seriedad de la propuesta presentada para participar en el presente proceso. - Firmarse por la aseguradora y por el oferente. (...) | B19: X | D19: SEGUREXPO BANCOLDEX- CESCE POLIZA DE SERIEDAD DE LA OFERTA No. 122471 VALOR DE LA GARANTÍA DE SERIEDAD DE LA OFERTA: $109.090.690,20 DESDE: 03/09/2020 HASTA: 31/12/2020 | F19: X | H19: SEGUROS DEL ESTADO S.A. POLIZA DE SERIEDAD DE LA OFERTA No. 18-44-101070528 VALOR DE LA GARANTÍA DE SERIEDDA DE LA OFERTA: $109.090.691 DESDE: 31/08/2020 HASTA: 31/12/2020 | J19: X | L19: SEGUREXPO BANCOLDEX - CESCE POLIZA DE SERIEDAD DE LA OFERTA No. 122473 VALOR DE LA GARANTÍA DE SERIEDAD DE LA OFERTA: $110.000.000.,00 DESDE: 03/09/2020 HASTA: 12/12/2020
A20: h) Registro Único de Proponentes El proponente deberá adjuntar el Registro Único de Proponentes expedido por la Cámara de Comercio el cual debe estar vigente y en firme, con el fin de realizar la verificación de los requisitos de capacidad financiera y capacidad organizacional, con corte a la última renovación del registro, en concordancia con lo establecido en el artículo 2- Renovación del Registro Único de Proponentes. Las personas naturales y jurídicas, nacionales o extranjeras, con domicilio en Colombia, interesadas en participar en procesos de contratación convocados por las entidades estatales, deben estar inscritas en el RUP, salvo las excepciones previstas en forma taxativa en la ley. Las personas inscritas en el RUP deben presentar la información para renovar su registro a más tardar quinto día hábil del mes de julio 2020, del Decreto No. 434 del 19 de marzo de 2020, emitido por la Presidencia de la República. Si del certificado allegado con la oferta se encuentra que la inscripción no se encuentra en firme, el proponente podrá entregar el certificado expedido por la Cámara de Comercio donde conste su firmeza hasta el día anterior a la fecha señalada en el cronograma para la realización de la audiencia de adjudicación. Siendo importante precisar que de conformidad con lo establecido en la Circular Externa No. 13 del 13 de junio de 2014 expedida por la Agencia Nacional de Contratación Pública – Colombia Compra Eficiente, la Entidad no habilitará la propuesta hasta que el proponente acredite que su inscripción se encuentra en firme, para lo cual deberá allegar el correspondiente certificado dentro del plazo antes señalado. | B20: X | D20: REGISTRO ÚNICO DE PROPONENTES FECHA DE EXPEDICIÓN: 04 DE AGOSTO DE 2020 | F20: X | H20: AXA COLPATRIA SEGUROS S.A. REGISTRO ÚNICO DE PROPONENTES FECHA DE EXPEDICIÓN: 13 DE AGOSTO DE 2020 MAPFRE SEGUROS GENERALES DE COLOMBIA S.A. REGISTRO ÚNICO DE PROPONENTES FECHA DE EXPEDICIÓN: 27 DE AGOSTO DE 2020 | J20: X | L20: REGISTRO ÚNICO DE PROPONENTES FECHA DE EXPEDICIÓN: 14 DE AGOSTO DE 2020
A21: i) Inhabilidades e incompatibilidades Los oferentes no deberán estar incursos en inhabilidades o incompatibilidades para contratar con la Entidad, de conformidad con la Ley 80 de 1993, el estatuto Orgánico del Sistema Financiero y demás normas concordantes, ni estar registrados en el boletín expedido por la Contraloría General de la República como responsables fiscales, so pena de RECHAZO de la oferta. En el caso de consorcios o uniones temporales, ninguno de los integrantes podrá estar incurso en las inhabilidades o incompatibilidades para contratar con la Entidad, ni estar registrados en el boletín expedido por la Contraloría General de la República como responsables fiscales, so pena de RECHAZO de la oferta. | B21: X | D21: PRESENTA DOCUMENTO FIRMADA POR: RAFAEL ARMANDO RODRIGUEZ MÉNDEZ CC. 80.421.019 DE BOGOTA´D.C. REPRESENTANTE LEGAL | F21: X | H21: AXA COLPATRIA SEGUROS S.A. PRESENTA DOCUMENTO SUSCRITO POR: MIGUEL EDUARDO VILLAMIZAR AGUIRRE CC. 80.201.229 DE BOGOTÁ REPRESENTANTE LEGAL / APODERADO MAPFRE SEGUROS GENERALES DE COLOMBIA S.A. PRESENTA DOCUMENTO SUSCRITO POR: JOSE MAURICIO MALAGON ACOSTA CC. 79.560.043DE BOGOTÁ REPRESENTANTE LEGAL | J21: X | L21: PRESENTA DOCUMENTO SUSCRITO POR: :RAMIRO ALBERTO RUIZ CLAVIJO CC. 13,360,922 DE OCAÑA REPRESENTANTE LEGAL
A22: j) Copia del Registro Único Tributario - RUT El proponente o los integrantes del Consorcio o Unión Temporal, deberán presentar la copia del Registro Único Tributario – RUT expedido por la DIAN | B22: X | D22: DOCUMENTO EXPEDIDO 2020/08/10 | F22: X | H22: AXA COLPATRIA SEGUROS S.A. DOCUMENTO EXPEDIDO 2019/12/09 MAPFRE SEGUROS GENERALES DE COLOMBIA S.A. DOCUMENTO EXPEDIDO 2019/12/13 | J22: X | L22: DOCUMENTO EXPEDIDO 2020/07/15
A23: k) Documento de identidad Se deberá anexar copia de la cédula de ciudadanía del representante legal y en caso de consorcio o unión temporal cada uno de sus integrantes anexará copia de su respectiva cédula de ciudadanía. | B23: X | D23: PRESENTA DOCUMENTO SUSCRITO POR: RAFAEL ARMANDO RODRIGUEZ MÉNDEZ CC. 80.421.019 DE BOGOTA D.C. | F23: X | H23: AXA COLPATRIA SEGUROS S.A. PRESENTA DOCUMENTO SUSCRITO POR: MIGUEL EDUARDO VILLAMIZAR AGUIRRE CC. 80.201.229 DE BOGOTÁ MAPFRE SEGUROS GENERALES DE COLOMBIA S.A. PRESENTA DOCUMENTO SUSCRITO POR: JOSE MAURICIO MALAGON ACOSTA CC. 79.560.043DE BOGOTÁ | J23: X | L23: PRESENTA DOCUMENTO SUSCRITO POR: :RAMIRO ALBERTO RUIZ CLAVIJO CC. 13,360,922 DE OCAÑA
A24: RESULTADO VERIFICACIÓN REQUISITOS JURIDICOS | B24: CUMPLE | F24: CUMPLE | J24: CUMPLE
A25: SUBSANACIONES

Sheet 3. VERIFICACION FINANCIERA
A1: ='1. PARTICIPANTES'!A1:C1 -> EMPRESA DE RENOVACIÓN URBANA Y DESARROLLO URBANO DE BOGOTA D.C.
A3: =+'[5]1. PARTICIPANTES'!A3 -> PROCESO CONTRATACION | C3: ='1. PARTICIPANTES'!B3 -> LICITACÓN PUBLICA No. ERU-LP-03-2020
A4: =+'[5]1. PARTICIPANTES'!A4 -> OBJETO | C4: ='1. PARTICIPANTES'!B4 -> CONTRATAR LOS SEGUROS QUE AMPAREN LOS INTERESES PATRIMONIALES ACTUALES Y FUTUROS, ASÍ COMO LOS BIENES DE PROPIEDAD DE LA EMPRESA DE RENOVACIÓN Y DESARROLLO URBANO DE BOGOTÁ D.C., QUE ESTÉN BAJO SU RESPONSABILIDAD Y CUSTODIA Y AQUELLOS QUE SEAN ADQUIRIDOS PARA DESARROLLAR SUS FUNCIONES, ASÍ COMO UNA PÓLIZA DE VIDA GRUPO PARA LOS TRABAJADORES SINDICALIZADOS DE LA EMPRESA Y CUALQUIER OTRA PÓLIZA DE SEGUROS QUE REQUIERA LA EMPRESA EN EL DESARROLLO DE SU ACTIVIDAD
A5: =+'[5]1. PARTICIPANTES'!A5 -> PRESUPUESTO OFICIAL | C5: MIL NOVENTA MILLONES NOVECIENTOS SEIS MIL NOVECIENTOS DOS PESOS M/CTE ($1.090.906.902) IVA INCLUIDO Y DEMÁS IMPUESTOS, COSTOS DIRECTOS E INDIRECTOS, EL CUAL SE ENCUENTRA RESPALDADO CON EL CERTIFICADO DE DISPONIBILIDAD PRESUPUESTAL No. 202008 1196 DE FECHA 13-08-2020 GRUPO UNO: MIL SESENTA Y CUATRO MILLONES QUINIENTOS NOVENTA Y NUEVE MIL SEISCIENTOS SESENTA Y CINCO PESOS (1,064,599,665) DENTRO DEL PRESUPUESTO PARA EL GRUPO UNO, LA EMPRESA HA DETERMINADO UN VALOR FIJO DE CUATRO MILLONES CIENTO SESENTA Y SIETE MIL OCHOCIENTOS SESENTA PESOS ($4.167.870), COMO MONTO FIJO PARA CUALQUIER OTRA PÓLIZA DE SEGUROS QUE REQUIERA LA EMPRESA EN EL DESARROLLO DE SU ACTIVIDAD. VALOR QUE DEBE SER TENIDO EN CUENTA POR EL PROPONENTE AL MOMENTO DE ELABORAR SU PROPUESTA ECONOMICA. EN CAO DE NO INDICAR ESTE VALOR, LA ENTIDAD LO SUMARÁ AL TOTAL DE LA PROPUESTA, Y EN CASO DE SOBREPASAR EL PRESUPUESTO OFICIAL, SU PROPUESTA SERÁ RECHAZADA. GRUPOS DOS, VEINTIDOS MILLONES CIENTO TREINTA Y NUEVE MIL TRESCIENTOS SESENTA Y SEIS PESOS M/CTE ($22.139.366)
A6: =+'[5]1. PARTICIPANTES'!A6 -> FECHA DE CIERRE | C6: 03 DE SEPTIEMBRE DE 2020 A LAS 4:00 PM
A8: REQUISITOS HABILITANTES FINANCIEROS
A9: INDICADORES | D9: PROPONENTE 1. LA PREVISORA S.A. COMPAÑÍA DE SEGUROS | G9: PROPONENTE 2. UNÓN TEMPORAL (AXA COLPATRIA SEGUROS S.A Y MAPFRE SEGUROS SEGUROS GENERALES DE COLOMBIA S.A) | J9: PROPONENTE 3. ASEGURADORA SOLIDARIA DE COLOMBIA
A11: DETALLE DEL INDICADOR | B11: INDICES REQUERIDOS AL 31/12/2019 | C11: VARIABLES DEL PROPONENTE | D11: VALOR VARIABLES SEGÚN RUP E INDICADORES FINANCIEROS | E11: INDICE DEL PROPONENTE | F11: CALIFICACION DEL INDICADOR | G11: VALOR VARIABLES SEGÚN RUP E INDICADORES FINANCIEROS | H11: INDICE DEL PROPONENTE | I11: CALIFICACION DEL INDICADOR | J11: VALOR VARIABLES SEGÚN RUP E INDICADORES FINANCIEROS | K11: INDICE DEL PROPONENTE | L11: CALIFICACION DEL INDICADOR
A12: CAPACIDAD FINANCIERA
A13: CAPITAL DE TRABAJO | B13: Mayor o igual a $20,000,000,000 Activo corriente - Pasivo corriente | C13: ACTIVO CORRIENTE | D13: 867554290387 | E13: =+D13-D14 -> 568163888035 | F13: CUMPLE | G13: 7877318871023 | H13: =+G13-G14 -> 6248984717692 | I13: CUMPLE | J13: 153923716912 | K13: =+J13-J14 -> 77352506494 | L13: CUMPLE
C14: PASIVO CORRIENTE | D14: 299390402352 | G14: 1628334153331 | J14: 76571210418
A15: LIQUIDEZ | B15: Mayor o igual a 1.10 (Activo corriente dividido por pasivo corriente) | C15: ACTIVO CORRIENTE | D15: 867554290387 | E15: =D15/D16 -> 2.8977358 | F15: CUMPLE | G15: 7877318871023 | H15: =G15/G16 -> 4.837655 | I15: CUMPLE | J15: 153923716912 | K15: =J15/J16 -> 2.0102035 | L15: CUMPLE
C16: PASIVO CORRIENTE | D16: 299390402352 | G16: 1628334153331 | J16: 76571210418
A17: NIVEL DE ENDEUDAMIENTO | B17: Menor o igual al 95% (Pasivo total sobre Activo Total) x 100 | C17: PASIVO TOTAL | D17: 1865406370924 | E17: =+D17/D18*100 -> 81.10927 | F17: CUMPLE | G17: 7849661087310 | H17: =+G17/G18*100 -> 92.509565 | I17: CUMPLE | J17: 606872072414 | K17: =+J17/J18*100 -> 73.071387 | L17: CUMPLE
C18: ACTIVO TOTAL | D18: 2299868265676 | G18: 8485242704658 | J18: 830519439004
A19: EXCESO O DEFECTO DE PATRIMONIO | B19: Positivo (Patrimonio técnico menos Patrimonio adecuado) | C19: PATRIMONIO TÉCNICO | D19: 2.7091781e+11 | E19: =+D19-D20 -> 9.9146711e+10 | F19: CUMPLE | G19: 614956973317 | H19: =+G19-G20 -> 99061372987 | I19: CUMPLE | J19: 221205261328 | K19: =+J19-J20 -> 115228867575 | L19: CUMPLE
C20: PATRIMONIO ADECUADO | D20: 1.717711e+11 | G20: 515895600330 | J20: 105976393753
A21: REQUISITOS CAPACIDAD ORGANIZACIONAL
A22: RENTABILIDAD DEL PATRIMONIO (RP) | B22: Igual o superior a 0,00 (Utilidad Operacional dividido por el Patrimonio) | C22: UTILIDAD OPERACIONAL | D22: 59892827552 | E22: =D22/D23 -> 0.13785508 | F22: CUMPLE | G22: 53804297813 | H22: =G22/G23 -> 0.084653641 | I22: CUMPLE | J22: 23450083258 | K22: =J22/J23 -> 0.10485294 | L22: CUMPLE
C23: PATRIMONIO | D23: 434462254752 | G23: 635581617348 | J23: 223647366590
A24: RENTABILIDAD DEL ACTIVO (RA) | B24: Igual o superior a 0,00 (Utilidad Operacional dividido por el Activo Total) | C24: UTILIDAD OPERACIONAL | D24: 59892827552 | E24: =D24/D25 -> 0.026041847 | F24: CUMPLE | G24: 53804297813 | H24: =G24/G25 -> 0.0063409262 | I24: CUMPLE | J24: 23450083258 | K24: =J24/J25 -> 0.028235442 | L24: CUMPLE
C25: ACTIVO TOTAL | D25: 2299868625676 | G25: 8485242704658 | J25: 830519439004
A27: DOCUMENTOS FINANCIEROS
A28: DETALLE | D28: PRESENTA | G28: PRESENTA | J28: PRESENTA
A29: Certificado de Antecedentes Disciplinarios y Tarjeta Profesional. Los interesados y todos los integrantes de los Consorcios o Uniones Temporales, acompañarán copia de la tarjeta profesional y certificado de antecedentes disciplinarios o documentos equivalentes, tanto del Contador como del Revisor Fiscal, cuando conforme a la Ley se requiera, expedido por la Junta Central de Contadores vigente a la fecha de cierre de la presente convocatoria. Para el caso de las propuestas presentadas por Consorcios o Uniones temporales, cada uno de sus integrantes deberá allegar la misma documentación y requisitos mencionados, según corresponda | D29: FERNEY GARZON ARDILA TP. No. 202219 - T REVISOR FISCAL SUPLENTE | G29: AXA COLPATRIA SEGUROS S.A. CLAUDIA YAMILE RUIZ GERENA TP. No. 129913 - T REVISOR FISCAL SUPLENTE MAPFRE SEGUROS GENERALES DE COLOMBIA S.A. IBETH ANGELICA QUINTERO CARDENAS TP. No. 184242 - T REVISOR FISCAL | J29: EDWIN ALBERTO HERNANDEZ RAMIREZ TP No. 182667-T REVISOR FISCAL
A31: RESULTADO VERIFICACIÓN REQUISITOS HABILITANTES FINANCIEROS | D31: CUMPLE | G31: CUMPLE | J31: CUMPLE

Sheet 4. VERIFICACION TECNICA
A1: =+'1. PARTICIPANTES'!A1:C1 -> EMPRESA DE RENOVACIÓN URBANA Y DESARROLLO URBANO DE BOGOTA D.C.
A3: =+'1. PARTICIPANTES'!A3 -> PROCESO CONTRATACION | B3: ='3. VERIFICACION FINANCIERA'!C3 -> LICITACÓN PUBLICA No. ERU-LP-03-2020
A4: =+'1. PARTICIPANTES'!A4 -> OBJETO | B4: ='3. VERIFICACION FINANCIERA'!C4 -> CONTRATAR LOS SEGUROS QUE AMPAREN LOS INTERESES PATRIMONIALES ACTUALES Y FUTUROS, ASÍ COMO LOS BIENES DE PROPIEDAD DE LA EMPRESA DE RENOVACIÓN Y DESARROLLO URBANO DE BOGOTÁ D.C., QUE ESTÉN BAJO SU RESPONSABILIDAD Y CUSTODIA Y AQUELLOS QUE SEAN ADQUIRIDOS PARA DESARROLLAR SUS FUNCIONES, ASÍ COMO UNA PÓLIZA DE VIDA GRUPO PARA LOS TRABAJADORES SINDICALIZADOS DE LA EMPRESA Y CUALQUIER OTRA PÓLIZA DE SEGUROS QUE REQUIERA LA EMPRESA EN EL DESARROLLO DE SU ACTIVIDAD
A5: =+'1. PARTICIPANTES'!A5 -> PRESUPUESTO OFICIAL | B5: MIL NOVENTA MILLONES NOVECIENTOS SEIS MIL NOVECIENTOS DOS PESOS M/CTE ($1.090.906.902) IVA INCLUIDO Y DEMÁS IMPUESTOS, COSTOS DIRECTOS E INDIRECTOS, EL CUAL SE ENCUENTRA RESPALDADO CON EL CERTIFICADO DE DISPONIBILIDAD PRESUPUESTAL No. 202008 1196 DE FECHA 13-08-2020 GRUPO UNO: MIL SESENTA Y CUATRO MILLONES QUINIENTOS NOVENTA Y NUEVE MIL SEISCIENTOS SESENTA Y CINCO PESOS (1,064,599,665) DENTRO DEL PRESUPUESTO PARA EL GRUPO UNO, LA EMPRESA HA DETERMINADO UN VALOR FIJO DE CUATRO MILLONES CIENTO SESENTA Y SIETE MIL OCHOCIENTOS SESENTA PESOS ($4.167.870), COMO MONTO FIJO PARA CUALQUIER OTRA PÓLIZA DE SEGUROS QUE REQUIERA LA EMPRESA EN EL DESARROLLO DE SU ACTIVIDAD. VALOR QUE DEBE SER TENIDO EN CUENTA POR EL PROPONENTE AL MOMENTO DE ELABORAR SU PROPUESTA ECONOMICA. EN CAO DE NO INDICAR ESTE VALOR, LA ENTIDAD LO SUMARÁ AL TOTAL DE LA PROPUESTA, Y EN CASO DE SOBREPASAR EL PRESUPUESTO OFICIAL, SU PROPUESTA SERÁ RECHAZADA. GRUPOS DOS, VEINTIDOS MILLONES CIENTO TREINTA Y NUEVE MIL TRESCIENTOS SESENTA Y SEIS PESOS M/CTE ($22.139.366)
A6: =+'1. PARTICIPANTES'!A6 -> FECHA DE CIERRE | B6: ='3. VERIFICACION FINANCIERA'!C6 -> 03 DE SEPTIEMBRE DE 2020 A LAS 4:00 PM
A8: VERIFICACIÓN DE DOCUMENTOS DE CONTENIDO TÉCNICO Y ECONÓMICO
A9: CAPACIDAD TECNICA
A10: DOCUMENTOS | B10: PROPONENTE 1 LA PREVISORA S.A. COMPAÑÍA DE SEGUROS | E10: PROPONENTE 2 UNÓN TEMPORAL (AXA COLPATRIA SEGUROS S.A Y MAPFRE SEGUROS SEGUROS GENERALES DE COLOMBIA S.A) | H10: PROPONENTE 3 ASEGURADORA SOLIDARIA DE COLOMBIA
B11: CUMPLE | D11: PRESENTA | E11: CUMPLE | G11: PRESENTA | H11: CUMPLE | J11: PRESENTA
B12: SI | C12: NO | E12: SI | F12: NO | H12: SI | I12: NO
A13: 2.2.1. EXPERIENCIA GENERAL La EMPRESA DE RENOVACIÓN Y DESARROLLO URBANO DE BOGOTÁ, D.C. realizará la verificación de la experiencia en el RUP, según lo establecido en el artículo 2.2.1.1.1.5.3 del Decreto 1082 de 015, verificando la siguiente información: - Nombre del contratante - Nombre del contratista - Máximo tres (3) contratos ejecutados en seguros generales, con código clasificador UNSPC 84-13-15-00 y/o 84-13-16-00, de conformidad con el grupo frente al cual presente su propuesta. - Que la sumatoria de las certificaciones corresponda a un valor igual o superior al valor del presupuesto estimado para este proceso expresado en SMMLV, de conformidad con el grupo frente al cual presente su propuesta. - Clientes PRIVADOS O PÚBLICOS. Para efectos de la verificación de experiencia, el oferente deberá indicar en el Formato No. 9, los contratos reportados en el RUP que pretende hacer valer, los cuales deberán estar codificados de conformidad con las exigencias anteriormente descritas. En relación con la experiencia acreditada a través de contratos en los cuales el proponente participó como integrante de un contratista plural, la regla que aplicará la ENTIDAD para la verificación de dicha experiencia corresponderá a la ponderación del valor del contrato por el porcentaje de participación. | B13: X | D13: RUP FORMATO No. 9 NUMERO 32 DEPARTAMENTO DE BOYACA 2122,4939 SMMLV 84-13-15 / 84-13-16 RUP FORMATO No. 9 NUMERO 44 CENTRALES ELÉCTRICAS DE NARIÑO S.A. ESP- CEDENAR 3291,8550 SMMLV 84-13-15 / 84-13-16 RUP FORMATO N° 9 NUMERO 62 ELECTRIFICADORA DEL HUILA S.A. ESP 2605,0861 SMMLV 84-13-15 / 84-13-16 | E13: X | G13: RUP FORMATO No. 9 NUMERO 55 UNIVERSIDAD DISTRITAL FRANCISCO JOSE DE CALDAS 1,555,36 SMMLV 84-13-15 RUP FORMATO N° 9 NUMERO 38 ECOPETROL S.A. 114.467,35 SMMLV 84-13-15 RUP FORMATO N° 9 NUMERO 8 VOTRE PASSION SAS 5,039,96 SMMLV 84-13-16 EXPERIENCIA APORTADA POR AXA COLPATRIA SEGUROS S.A. COMO INTREGRANTE DE LA UNIÓN TEMPORAL | H13: X | J13: RUP FORMATO No. 9 NUMERO 109 MUNICIPIO DE MEDELLIN 13,309 SMMLV 84-13-15-00 / 84-13-16-00 RUP FORMATO N° 9 NUMERO 97 MUNICIPIO DE RIONEGRO 751 SMMLV 84-13-15-00 / 84-13-16-00 RUP FORMATO N° 9 NUMERO 111 MUNICIPIO DE PALMIRA 1,109 SMMLV 84-13-15-00 / 84-13-16-00
A14: 2.2.2. CONDICIONES TÉCNICAS MÍNIMAS DE LOS SEGUROS A CONTRATAR El estudio de las condiciones técnicas de las propuestas no tiene ponderación alguna; se efectúa con el fin de verificar el cumplimiento de las condiciones técnicas mínimas, en el entendido que las mismas son aquellas con las cuales se encuentra contratado actualmente el programa de seguros de EMPRESA DE RENOVACIÓN Y DESARROLLO URBANO DE BOGOTÁ D.C e indica si la propuesta CUMPLE O NO CUMPLE.
B15: =B10 -> PROPONENTE 1 LA PREVISORA S.A. COMPAÑÍA DE SEGUROS | E15: =E10 -> PROPONENTE 2 UNÓN TEMPORAL (AXA COLPATRIA SEGUROS S.A Y MAPFRE SEGUROS SEGUROS GENERALES DE COLOMBIA S.A) | H15: =H10 -> PROPONENTE 3 ASEGURADORA SOLIDARIA DE COLOMBIA
B16: CUMPLE | D16: PRESENTA | E16: CUMPLE | G16: PRESENTA | H16: CUMPLE | J16: PRESENTA
B17: SI | C17: NO | E17: SI | F17: NO | H17: SI | I17: NO
A18: a) AMPAROS OBLIGATORIOS Todos los amparos obligatorios deberán ser ofrecidos por los proponentes so pena de no habilitación de la propuesta. El proponente podrá presentar sublímites para los amparos obligatorios que así lo permitan en el formato respectivo. Cuando se sublimiten amparos que no tengan prevista esta opción, se entenderá que dicho amparo no se otorga y por ende será causal de no habilitación de la propuesta. | B18: X | D18: CUADROS INDIVIDUALES DE LOS SEGUROS A CONTRATAR | E18: X | G18: CUADROS INDIVIDUALES DE LOS SEGUROS A CONTRATAR | H18: X | J18: CUADROS INDIVIDUALES DE LOS SEGUROS A CONTRATAR
A19: b) CLÁUSULAS OBLIGATORIAS Todas las cláusulas obligatorias deberán ser ofrecidas por los proponentes so pena de no habilitación de la propuesta. Cuando en la cláusula se haga mención a un mínimo de días, porcentajes o valores, el proponente no podrá ofrecer una cantidad inferior a la requerida so pena de no ser habilitada su propuesta. NOTA: LOS AMPAROS OBLIGATORIOS Y LAS CLÁUSULAS OBLIGATORIAS descritas para cada uno de los ramos relacionados en el presente pliego de condiciones deberán ser ofrecidos por el proponente, pues ellos constituyen las condiciones técnicas mínimas de cada seguro. En el evento que el proponente deje en blanco la casilla atinente al “si” o “no”, (Formatos técnicos) se considerará otorgada la cláusula y/o amparo. Cuando se omitan, excluyan o modifiquen algunos de los amparos o cláusulas denominadas obligatorias en algún ramo, la propuesta no será habilitada. | C19: X | D19: EL PROPONENTE NO CUMPLE CON LAS CONDICIONES TÉCNICAS MINIMAS | E19: X | G19: CUADROS INDIVIDUALES DE LOS SEGUROS A CONTRATAR | I19: X | J19: EL PROPONENTE NO CUMPLE CON LAS CONDICIONES TÉCNICAS MINIMAS
A20: c) EXCLUSIONES El proponente deberá indicar a través de condiciones generales y/o particulares, las exclusiones aplicables a este seguro. Cualquier exclusión que conlleve a dejar sin efecto algún amparo, cláusula o condición otorgada por el proponente se tendrá por no escrita. La presentación de la propuesta será evidencia de la aceptación de esta condición y por lo tanto cualquier estipulación en contrario será causal de rechazo de la propuesta. | B20: X | D20: CUADROS INDIVIDUALES DE LOS SEGUROS A CONTRATAR | E20: X | G20: CUADROS INDIVIDUALES DE LOS SEGUROS A CONTRATAR | H20: X | J20: CUADROS INDIVIDUALES DE LOS SEGUROS A CONTRATAR
A21: d) CAPACIDAD ADMINISTRATIVA Y OPERACIONAL El proponente deberá: - Ofrecer un plazo máximo de cinco (5) días hábiles para la expedición de pólizas y anexos, diferentes a los iníciales de cada contrato de seguro o para la contestación de las solicitudes relacionadas con cualquier aspecto, diferentes a siniestros. Para efectos de la contabilización del término, se tomarán en cuenta las fechas en que se radiquen los documentos en las Aseguradoras. - Ofrecer un plazo máximo de tres (3) días hábiles para la contestación de comunicaciones relacionadas con la atención y trámite de siniestros. Para efectos de la contabilización del término, se tomarán en cuenta las fechas en que se radiquen los documentos en las Aseguradoras. -Anexar a su oferta la relación del personal directivo y operativo de la Compañía (indicando nombre, cargo, teléfono, correo electrónico) que atenderá el manejo del programa de seguros de la Entidad, señalando las funciones que realizará frente al programa de seguros. Se deberá contar, como mínimo, con el siguiente personal para el manejo de los seguros: (...) | B21: X | D21: EL PROPONENTE PRESENTA EL DOCUMENTO REQUERIDO SUSCRITO POR. RAFAEL ARMANDO RODRIGUEZ MENDEZ REPRESENTANTE LEGAL | E21: X | G21: EL PROPONENTE PRESENTA EL DOCUMENTO REQUERIDO SUSCRITO POR. MIGUEL EDUARDO VILLAMIZAR AGUIRRE REPRESENTANTE LEGAL | H21: X | J21: EL PROPONENTE PRESENTA EL DOCUMENTO REQUERIDO SUSCRITO POR. ANDREA DEL PIAR PUERTO CORREDOR APODERADA ESPECIAL
A22: e) OFERTA DE SEGUROS El proponente debe presentar una propuesta técnica que cumpla con las condiciones técnicas exigidas en el formato Técnico, así:  Nombre del Seguro.  El ofrecimiento de los amparos obligatorios y las cláusulas obligatorias  Relacionar los amparos adicionales, las cláusulas adicionales y las cláusulas de garantía que apliquen para cada uno de los ramos.  Deducibles  Valor Asegurado cotizado, el cual deberá ser el que se requiere en el pliego de condiciones.  Costo del seguro cotizado indicando: La tasa anual, la prima neta anual, gastos de expedición (si hay lugar a ellos) y la prima total anual.  Valor de las alternativas (opcional) solicitadas en la póliza indicada en los Pliegos de Condiciones. Para presentar la propuesta técnica, el oferente debe considerar las indicaciones que se describen en los formatos técnicos. | B22: X | D22: CUADROS INDIVIDUALES DE LOS SEGUROS A CONTRATAR | E22: X | G22: CUADROS INDIVIDUALES DE LOS SEGUROS A CONTRATAR | H22: X | J22: CUADROS INDIVIDUALES DE LOS SEGUROS A CONTRATAR
A23: f) EJEMPLARES DE LAS PÓLIZAS OFRECIDAS. El proponente deberá incluir los modelos de las pólizas y el clausulado general de las pólizas de acuerdo con las disposiciones de la Superintendencia Financiera de Colombia. | B23: X | D23: PRESENTA EJEMPLARES DE LAS POLIZAS Y CLÁUSULADO DE LAS MISMAS | E23: X | G23: PRESENTA EJEMPLARES DE LAS POLIZAS Y CLÁUSULADO DE LAS MISMAS | H23: X | J23: PRESENTA EJEMPLARES DE LAS POLIZAS Y CLÁUSULADO DE LAS MISMAS
A24: g) REASEGUROS El proponente deberá relacionar en la propuesta técnica, los nombres de los reaseguradores que respaldan la misma y el porcentaje (%) de su participación en el reaseguro de las pólizas a contratar. Solamente se aceptarán reaseguradores debidamente registrados y autorizados por la Superintendencia Financiera de Colombia. | B24: X | D24: PRESENTA NOMINA DE REASEGUROS | E24: X | G24: AXA COLPATRIA SEGUROS S.A. PRESENTA NOMINA DE REASEGUROS PARA LOS RAMOS DE TRDM, MANEJO GLOBAL, RCE, TV Y IRF MAPFRE SEGUROS GENERALES DE COLOMBIA S.A. PRESENTA NOMINA DE REASEGUROS PARA LOS RAMOS DE RCSP Y VIDA GRUPO | H24: X | J24: PRESENTA NOMINA DE REASEGUROS
A25: h) REQUISITOS PARA EL PAGO DE LAS INDEMNIZACIONES El proponente deberá diligenciar y presentar el formato de atención, trámite y pago de siniestros, para todos y cada uno de los seguros ofertados. En dicho formulario deberá detallar cada uno de los documentos que exigirá para el pago de siniestros así como el plazo máximo de cancelación de indemnizaciones por concepto de siniestros, contados a partir de la fecha en que reciban la reclamación formal con la totalidad de los documentos requeridos para el pago. Dicho formulario deberá estar suscrito por el Representante Legal del proponente. La información requerida se deberá presentar para cada uno de los amparos contemplados en el seguro. Si el proponente no utiliza el formulario antes señalado, la propuesta deberá contener toda la información requerida en el mismo, ya que de lo contrario no se otorgará puntaje en la calificación de siniestros del respectivo ramo. La utilización de expresiones que permitan a la aseguradora solicitar un mayor número de documentos de los que se relacionan en el formulario o de los que se indican en la oferta, tales como “los demás que la compañía requiera”, “cualquier otro necesario para el trámite”, “los requeridos para acreditar la ocurrencia del siniestro y cuantía de la pérdida”, entre otros, dará lugar al no otorgamiento de puntaje en la calificación de siniestros del respectivo ramo. | B25: X | D25: PRESENTA POR CADA UNO DE LOS SEGUROS EL REQUISITO PARA EL PAGO DE LAS INDEMNIZACIONES | E25: X | G25: PRESENTA POR CADA UNO DE LOS SEGUROS EL REQUISITO PARA EL PAGO DE LAS INDEMNIZACIONES | H25: X | J25: PRESENTA POR CADA UNO DE LOS SEGUROS EL REQUISITO PARA EL PAGO DE LAS INDEMNIZACIONES
A26: i) SERVICIOS El proponente debe indicar en su propuesta la modalidad en que se otorgarán cualquiera de los siguientes servicios: Estudios específicos sobre prevención de riesgos, capacitación sobre aspectos técnicos de las pólizas de seguro contratadas, manejo de siniestros y anticipos en casos de siniestro y cualquier otro servicio que el proponente considere de beneficio para la EMPRESA DE RENOVACIÓN Y DESARROLLO URBANO DE BOGOTA D.C. | B26: X | D26: OFRECE CAPACITACIÓN EN ASPECTOS RELACIONADOS CON LOS RAMOS ADJUDICADOS | F26: X | G26: EL PROPONENTE NO PRESENTA DOCUMENTO DE SERVICIOS A OFRECER EN CASO DE LLEGAR A SER ADJUDICATARIO DEL PRESENTE PROCESO DE LICITACIÓN PUBLICA | H26: X | J26: OFRECE CAPACITACIÓN EN ASPECTOS RELACIONADOS CON LOS RAMOS ADJUDICADOS
A27: 2.2.3. PROPUESTA ECONOMICA El oferente deberá presentar un cuadro de resumen económico para cada uno de los grupos ofertados, para lo cual deberá presentar la totalidad de la información requerida en el formato respectivo del Pliego de Condiciones y el cual debe venir firmado por el Representante Legal. (...) El proponente deberá cotizar el valor de cada póliza sobre los valores asegurados indicados en el pliego de condiciones. El comité evaluador revisará el valor de las primas indicadas en la propuesta contra los valores asegurados y las tasas indicadas por el oferente. Si el valor asegurado indicado por el oferente no coincide, se tomará el señalado por la Entidad calculado por el comité evaluador. En caso que el proponente no indique la tasa a aplicar para cada seguro el comité la calculará proporcionalmente tomando el valor asegurado y el valor de la prima neta indicados en la propuesta. La entidad podrá efectuar las correcciones aritméticas a que haya lugar, en tal caso que se presenten el comité evaluador determinará la que represente mayores beneficios para la Entidad, en cuanto tasas y/o costos de los seguros. | B27: X | D27: VALOR DE LA OFERTA PRESENTADA POR EL PROPONENTE: $1,057,402,773 | E27: X | G27: VALOR DE LA OFERTA PRESENTADA POR EL PROPONENTE: $1,068,644,629 | H27: X | J27: VALOR DE LA OFERTA PRESENTADA POR EL PROPONENTE: $1,064,511,626
A29: RESULTADO VERIFICACIÓN DOCUMENTOS TÉCNICOS | B29: NO CUMPLE | E29: NO CUMPLE | H29: NO CUMPLE
A30: OBSERVACIONES | B30: LA CLÁUSULA DE PERIODO DE RETROACTIVIDAD DEL FORMATO TÉCNICO No. 15 RCSP, OFRECIDA POR EL PROPONENTE LA PREVISORA S.A. COMPAÑIA DE SEGUROS, ES: "Por medio de la presente cláusula, el periodo de retroactividad de la póliza se otorga a partir del 01/05/2015. No existirá responsabilidad con respecto a cualquier reclamación: a.- que sea ocasionada o está conectada a cualquier circunstancia o hecho que se haya notificado a la aseguradora en cualquier otra póliza de seguro realizada previamente al inicio de esta póliza y b.- que surja o esté en conexión con cualquier circunstancia o hecho conocido por el asegurado anteriormente al inicio de esta póliza." MIENTRAS QUE LA CLASULA DE PERIODO DE RETROACTIVIDAD REQUERIDA POR EL ERU ES: "Por medio de la presente cláusula, el periodo de retroactividad de la póliza se otorga a partir del 01/05/2015." SIENDO ASÍ LAS COSAS EL PROPONENTE LA PREVISORA S.A. COMPAÑIA DE SEGURO, NO CUMPLE CON LAS CONDICIONES TÉCNICAS MINIMAS REQUERIDAS PARA EL RAMO DE RESPONSABILIDAD CIVIL SERVIDORES PUBLICOS, POR LO QUE DE CONFORMIDAD CON EL LITERAL B) DEL NUMERAL 2.2.2 DEL PLIEGO DE CONDICIONES LA PROPUESTA NO ES HABILITADA TÉCNICAMENTE | E30: EL PROPONENTE AXA COLPATRIA SEGUROS NO PRESENTA DOCUMENTO DE SERVICIOS A OFRECER AL ERU EN CASO DE RESULTAR ADJUDICATARIO, RAZÓN POR LA CUAL Y DENTRO DEL TERMINO DE TRASLADO DEL INFORME PRELIMINAR DE EVALUACIÓN DEBERÁ PRESENTAR ESTE REQUISITO | H30: LA CLÁUSULA DE PERIODO DE RETROACTIVIDAD DEL FORMATO TÉCNICO No. 15 RCSP, OFRECIDA POR EL PROPONENTE ASEGURADORA SOLIDARIA DE COLOMBIA, ES: "Por medio de la presente cláusula, el periodo de retroactividad de la póliza se otorga a partir del 01/05/2015. No existirá responsabilidad con respecto a cualquier reclamación: a.- que sea ocasionada o está conectada a cualquier circunstancia o hecho que se haya notificado a la aseguradora en cualquier otra póliza de seguro realizada previamente al inicio de esta póliza y b.- que surja o esté en conexión con cualquier circunstancia o hecho conocido por el asegurado anteriormente al inicio de esta póliza." MIENTRAS QUE LA CLASULA DE PERIODO DE RETROACTIVIDAD REQUERIDA POR EL ERU ES: "Por medio de la presente cláusula, el periodo de retroactividad de la póliza se otorga a partir del 01/05/2015." SIENDO ASÍ LAS COSAS EL PROPONENTE ASEGURADORA SOLIDARIA DE COLOMBIA, NO CUMPLE CON LAS CONDICIONES TÉCNICAS MINIMAS REQUERIDAS PARA EL RAMO DE RESPONSABILIDAD CIVIL SERVIDORES PUBLICOS, POR LO QUE DE CONFORMIDAD CON EL LITERAL B) DEL NUMERAL 2.2.2 DEL PLIEGO DE CONDICIONES LA PROPUESTA NO ES HABILITADA TÉCNICAMENTE

Sheet 5. RESUMEN HABILITANTES
A1: EMPRESA DE RENOVACIÓN URBANA Y DESARROLLO URBANO DE BOGOTA D.C.
A3: =+'1. PARTICIPANTES'!A3 -> PROCESO CONTRATACION | B3: LICITACÓN PUBLICA No. ERU-LP-03-2020
A4: =+'1. PARTICIPANTES'!A4 -> OBJETO | B4: CONTRATAR LOS SEGUROS QUE AMPAREN LOS INTERESES PATRIMONIALES ACTUALES Y FUTUROS, ASÍ COMO LOS BIENES DE PROPIEDAD DE LA EMPRESA DE RENOVACIÓN Y DESARROLLO URBANO DE BOGOTÁ D.C., QUE ESTÉN BAJO SU RESPONSABILIDAD Y CUSTODIA Y AQUELLOS QUE SEAN ADQUIRIDOS PARA DESARROLLAR SUS FUNCIONES, ASÍ COMO UNA PÓLIZA DE VIDA GRUPO PARA LOS TRABAJADORES SINDICALIZADOS DE LA EMPRESA Y CUALQUIER OTRA PÓLIZA DE SEGUROS QUE REQUIERA LA EMPRESA EN EL DESARROLLO DE SU ACTIVIDAD
A5: =+'1. PARTICIPANTES'!A5 -> PRESUPUESTO OFICIAL | B5: MIL NOVENTA MILLONES NOVECIENTOS SEIS MIL NOVECIENTOS DOS PESOS M/CTE ($1.090.906.902) IVA INCLUIDO Y DEMÁS IMPUESTOS, COSTOS DIRECTOS E INDIRECTOS, EL CUAL SE ENCUENTRA RESPALDADO CON EL CERTIFICADO DE DISPONIBILIDAD PRESUPUESTAL No. 202008 1196 DE FECHA 13-08-2020 GRUPO UNO: MIL SESENTA Y CUATRO MILLONES QUINIENTOS NOVENTA Y NUEVE MIL SEISCIENTOS SESENTA Y CINCO PESOS (1,064,599,665) DENTRO DEL PRESUPUESTO PARA EL GRUPO UNO, LA EMPRESA HA DETERMINADO UN VALOR FIJO DE CUATRO MILLONES CIENTO SESENTA Y SIETE MIL OCHOCIENTOS SESENTA PESOS ($4.167.870), COMO MONTO FIJO PARA CUALQUIER OTRA PÓLIZA DE SEGUROS QUE REQUIERA LA EMPRESA EN EL DESARROLLO DE SU ACTIVIDAD. VALOR QUE DEBE SER TENIDO EN CUENTA POR EL PROPONENTE AL MOMENTO DE ELABORAR SU PROPUESTA ECONOMICA. EN CAO DE NO INDICAR ESTE VALOR, LA ENTIDAD LO SUMARÁ AL TOTAL DE LA PROPUESTA, Y EN CASO DE SOBREPASAR EL PRESUPUESTO OFICIAL, SU PROPUESTA SERÁ RECHAZADA. GRUPOS DOS, VEINTIDOS MILLONES CIENTO TREINTA Y NUEVE MIL TRESCIENTOS SESENTA Y SEIS PESOS M/CTE ($22.139.366)
A6: =+'1. PARTICIPANTES'!A6 -> FECHA DE CIERRE | B6: 03 DE SEPTIEMBRE DE 2020 A LAS 4:00 PM
A8: RESUMEN FINAL DE HABILITADOS
A9: =+'[6]INF. BÁSICO'!A8:D8 -> PROPONENTES | B9: VERIFICACION JURIDICA | D9: VERIFICACION FINANCIERA | F9: VERIFICACION TECNICA | H9: RESULTADO REQUISITOS HABILITANTES
B10: =F10 -> CUMPLE | C10: =G10 -> NO CUMPLE | D10: CUMPLE | E10: NO CUMPLE | F10: CUMPLE | G10: NO CUMPLE
A11: PROPONENTE 1: LA PREVISORA S.A. COMPAÑÍA DE SEGURO | B11: X | D11: X | G11: X | H11: NO CUMPLE
A12: PROPONENTE 2: UNÓN TEMPORAL (AXA COLPATRIA SEGUROS S.A Y MAPFRE SEGUROS SEGUROS GENERALES DE COLOMBIA S.A) | B12: X | D12: X | G12: X | H12: NO CUMPLE
A13: PROPONENTE 3: ASEGURADORA SOLIDARIA DE COLOMBIA | B13: X | D13: X | G13: X | H13: NO CUMPLE
A14: OBSERVACIONES
A15: LOS PROPONENTES NO CUMPLEN TÉCNICAMENTE CON LOS REQUISITOS EXIGIDOS EN EL PLIEGO DE CONDICIONES, RAZÓN POR LA CUAL DENTRO DEL TÉRMINO DE TRASLADO DEL INFORME PRELIMINAR DE EVALUACIÓN DEBERÁN SUBSANAR LOS REQUISITOS EXIGIDOS CON EL FIN DE QUEDAR HABILITADOS TECNICAMENTE.
